 Dungeon Crawl Stone Soup version 0.30-a0-141-g30f27751c5 (webtiles) character file.

Game seed: 11602975119279097767

49 qw the Chopper (level 3, -4/23 HPs)
             Began as a Gargoyle Fighter on Sept 25, 2022.
             Slain by Terence
             ... wielding a +0 flail
              (8 damage)
             ... on level 2 of the Dungeon.
             The game lasted 00:00:34 (1476 turns).

qw the Chopper (Gargoyle Fighter)                   Turns: 1476, Time: 00:00:34

Health: -4/23      AC: 10    Str: 21    XL:     3   Next: 77%
Magic:  3/3        EV:  9    Int:  8    God:
Gold:   66         SH:  4    Dex:  9    Spells: 2/2 levels left

rFire   . . .      SeeInvis +    a - +0 broad axe
rCold   . . .      Faith    .    c - +0 buckler
rNeg    + + .      Spirit   .    b - +0 scale mail
rPois   inf        Reflect  .    (no helmet)
rElec   +          Harm     .    (no cloak)
rCorr   .          Rampage  .    (no gloves)
Will    .....                    (no boots)
Stlth   ..........               (no amulet)
HPRegen 0.07/turn                i - ring of see invisible
MPRegen 0.08/turn                j - ring of positive energy

@: no status effects
A: sickness immunity, AC +3, negative energy resistance 1, electricity
resistance, torment resistance 1, petrification resistance
a: no special abilities


You were on level 2 of the Dungeon.
You visited 1 branch of the dungeon, and saw 2 of its levels.

You collected 66 gold pieces.


Innate Abilities, Weirdness & Mutations

You are immune to sickness and miasma.
Your stone body is resilient. (AC +3)
You are immune to poison.
You resist negative energy. (rN+)
You are resistant to electric shocks. (rElec)
You are resistant to unholy torment.
You are immune to petrification.


   Skills:
 - Level 3.2 Fighting
 + Level 3.6 Axes
 - Level 3.2 Armour
 - Level 3.2 Shields


You had 2 spell levels left.
You didn't know any spells.
Your spell library was empty.

Inventory:

Hand Weapons
 a - a +0 broad axe (weapon)
 g - a +0 whip
Armour
 b - a +0 scale mail (worn)
 c - a +0 buckler (worn)
Jewellery
 i - a ring of see invisible (left hand)
 j - a ring of positive energy (right hand)
Scrolls
 e - a scroll of poison {unknown}
 f - a scroll of identify
Potions
 d - a potion of might
 h - a potion of resistance {unknown}
 k - a potion of mutation {unknown}
 l - a potion of heal wounds {unknown}

Dungeon Overview and Level Annotations

Branches:
Dungeon (2/15)

Altars:

Annotations:
D:2 1 runed translucent door, Crazy Yiuf, Terence


Message History

You kill the ball python!
You start resting.
HP restored.
Found a short sword.
You see here a ball python corpse.
You see here 5 stones.
A rat comes into view.
You slash the rat!
You kill the rat!
You see here a rat corpse.
You now have 66 gold pieces (gained 7).
Found a stone staircase leading down.
Enter note:
Found a stone staircase leading up.
Enter note:
Enter note:
Found a hammer.
Enter note: Crazy Yiuf screams, "Nubble!
Race bush sallow."
Terence the Incautious comes into view.
He is wielding a +0 flail.
Terence shouts!
You closely miss Terence. Terence hits you but does no damage.
A bat comes into view.
Terence barely misses you.
You closely miss Terence. Terence barely misses you.
You closely miss Terence. The bat hits you but does no damage.
Terence barely misses you. The bat hits you but does no damage.
Terence hits you with a +0 flail!
You barely miss Terence. You closely miss the bat. The bat barely misses you.
Terence hits you with a +0 flail.
You closely miss Terence. You closely miss the bat. The bat barely misses you.
Terence hits you with a +0 flail. The bat barely misses you.
You hit Terence.
Terence is moderately wounded.
You closely miss the bat.
The bat barely misses you. x2; Terence hits you with a +0 flail!
You die...

#....)...#.##### #.
#........#.# #.# #.
..##.......# #.# #. #
#...##### #.# ## # #...# #.#
# # #...# ####.###### # #
#...# #.........####### ##
####...######)..@#.##.#<....#
#.
................@..##.#.....#
#.
.%......>......b............#
#.
......%..(.%.......##.#.....#
#.
##.#....#####....#.##.#.>...#
#. #.#....# #.........#######
## #.#....# ##...#.####
#.#....# #.#...# #.#....#
#...### #.......# ##.##


You could see Terence and a bat.

Vanquished Creatures
  An adder (D:2)
  A worm (D:2)
  3 endoplasms
  A giant cockroach (D:1)
  3 goblins
  7 hobgoblins
  3 quokkas (D:1)
  3 ball pythons
  2 bats
  2 frilled lizards (D:1)
  3 kobolds (D:1)
  5 rats
34 creatures vanquished.

Notes
Turn   | Place    | Note
-------+----------+-------------------------------------------
     0 | D:1      | qw the Gargoyle Fighter began the quest for the Orb.
     0 | D:1      | Reached XP level 1. HP: 14/14 MP: 1/1
     0 | D:1      | 0 ||| qw: Version: 0.2-a-10-g399e6c4
     0 | D:1      | 0 ||| qw: Game counter: 270
     0 | D:1      | 0 ||| qw: Always use a shield: true
     0 | D:1      | 0 ||| qw: God list: Okawaru
     0 | D:1      | 0 ||| qw: Allow faded altars: false
     0 | D:1      | 0 ||| qw: Do Orc after D:15 true
     0 | D:1      | 0 ||| qw: Do second Lair branch before Depths: true
     0 | D:1      | 0 ||| qw: Lair rune preference: random
     0 | D:1      | 0 ||| qw: Plans: Normal, Zot:1-4, God:TSO, Crypt, Tomb,
                  | Pan, Slime:5, Hells, Abyss, Orb
     0 | D:1      | 0 ||| PLANNING D:1-11
    41 | D:1      | 41 ||| DROPPING +0 club.
    94 | D:1      | Found a faded altar of an unknown god.
    97 | D:1      | Reached XP level 2. HP: 19/19 MP: 2/2
   299 | D:1      | 299 ||| Stepping ~*~*~tactically~*~*~ (stealth).
   301 | D:1      | 301 ||| Stepping ~*~*~tactically~*~*~ (stealth).
   484 | D:1      | 484 ||| Stepping ~*~*~tactically~*~*~ (stealth).
   485 | D:1      | 485 ||| Stepping ~*~*~tactically~*~*~ (stealth).
   595 | D:1      | Reached skill level 3 in Axes
   617 | D:1      | Reached XP level 3. HP: 23/23 MP: 3/3
   859 | D:1      | 859 ||| UPGRADING to ring of see invisible.
   860 | D:1      | 860 ||| UPGRADING to ring of positive energy.
   861 | D:1      | 861 ||| READING scroll labelled QURCHI IMAVAM.
   864 | D:1      | 864 ||| READING 2 scrolls labelled PEWNAE VOECOJE.
   977 | D:2      | 977 ||| Stepping ~*~*~tactically~*~*~ (stealth).
   978 | D:2      | 978 ||| SWAPPING to +0 broad axe.
   979 | D:2      | 979 ||| DROPPING +0 war axe.
  1410 | D:2      | Found a runed translucent door.
  1411 | D:2      | Noticed Crazy Yiuf
  1465 | D:2      | Noticed Terence
  1475 | D:2      | HP: 4/23 [Terence/+0 flail (6)]
  1476 | D:2      | Slain by Terence

Levels and vault maps discovered:
D:1:      minmay_arrival_glassed_features, layout_basic,
          hellmonk_ecumenical_altar_arch_garden
D:2:      layout_loops_cross, basic_altar, uniq_terence, uniq_crazy_yiuf_cottage

Skill      XL: |  1  2 |
---------------+-------+-----
Axes           | 2 3 |  3.6
Fighting       | |  3.2
Armour         | |  3.2
Shields        | |  3.2

Action                   || total
-------------------------++-------
Melee: War axe           ||    60
       Broad axe         ||    28
Throw: Boomerang         ||     4
  Use: Scroll            ||     2
Armor: Scale mail        ||    40
Dodge: Dodged            ||    38
Block: Buckler           ||    13

Table legend:
 A = Non-vault XP
 B = Vault XP
 C = Vault XP percentage of total XP
 D = Non-vault monster count
 E = Vault monster count
 F = Vault count percentage of total count
                 A         B        C        D         E       F
            +---------+---------+-------+---------+---------+-------
      Total |      71 |       0 |   0.0 |      34 |       0 |   0.0
            +---------+---------+-------+---------+---------+-------
        D:1 |      40 |       0 |   0.0 |      25 |       0 |   0.0
        D:2 |      31 |       0 |   0.0 |       9 |       0 |   0.0
            +---------+---------+-------+---------+---------+-------
